 Dungeon Crawl Stone Soup version 0.31-a0-188-g5e087ee2ca (webtiles) character file.

Game seed: 12397235790406671159

175 lunkers the Shield-Bearer (level 6, -7/47 HPs)
             Began as a Meteoran Wanderer on June 23, 2023.
             Mangled by an iguana (8 damage)
             ... on level 5 of the Dungeon.
             The game lasted 00:05:01 (829 turns).

lunkers the Shield-Bearer (Meteoran Wanderer)        Turns: 829, Time: 00:05:02

Health: -7/47      AC:  2    Str: 13    XL:     6   Next: 11%
Magic:  4/9        EV: 10    Int: 15    God:
Gold:   102        SH:  7    Dex: 15    Spells: 6/7 levels left

rFire   . . .        i - +3 hand axe
rCold   . . .        e - +2 buckler
rNeg    . . .        d - +0 robe
rPois   .            (no helmet)
rElec   .            (no cloak)
rCorr   .            (no gloves)
SInv    .            (no boots)
Will    .....        (no amulet)
Stlth   +            (no ring)
HPRegen 0.27/turn    (no ring)
MPRegen 0.11/turn

%: no passive effects
@: lethally poisoned (-7 -> -48), glowing
A: sense surroundings 1, otherworldly, glowing, explore regen
a: no special abilities


You were on level 5 of the Dungeon.
You visited 1 branch of the dungeon, and saw 4 of its levels.

You collected 102 gold pieces.

Inventory:

Hand Weapons
 a - a +0 dagger
 i - a +3 hand axe (weapon)
Armour
 d - a +0 robe (worn)
 e - a +2 buckler (worn)
Magical Staves
 k - a staff of poison
Scrolls
 c - a scroll of fear
 f - a scroll of enchant armour {unknown}
 j - a scroll of summoning {unknown}
 l - 2 scrolls of identify {unknown}
Potions
 b - a potion of curing
 g - a potion of mutation {unknown}
 h - a potion of lignification {unknown}
 m - 2 potions of heal wounds {unknown}
 n - a potion of enlightenment {unknown}
 o - 2 potions of ambrosia {unknown}


   Skills:
 - Level 1.1 Fighting
 + Level 5.2 Axes
 - Level 6.0 Shields
 - Level 1.3 Spellcasting
 - Level 4.4 Ice Magic


You had 6 spell levels left.
You knew the following spells:

 Your Spells              Type           Power      Damage    Failure   Level
a - Freeze                Ice            56%        1d7       5%          1

Your spell library contained the following spells:

 Spells                   Type           Power      Damage    Failure   Level
 Ozocubu's Armour         Ice            14%        N/A       16%         3


Dungeon Overview and Level Annotations

Branches:
Dungeon (5/15) Zot: 1565
 Temple: D:4-7

Altars:

Annotations:
D:3 3 runed translucent doors, rinse's ghost, weakling OpTm


Innate Abilities, Weirdness & Mutations

You passively map a small area around you.
You are easily found by Zot.
You glow in the dark.
You regain HP and MP as you explore.


Message History

A gnoll sergeant comes into view. It is wielding a +0 trident of venom.
The gnoll sergeant shouts!
You hear a shout! x2
A gnoll comes into view. It is wielding a +0 flail.
The iguana closely misses you.
You closely miss the iguana. The iguana barely misses you.
You hit the iguana but do no damage. The iguana barely misses you.
You slash the iguana!
The iguana is heavily wounded.
You block the iguana's attack.
You hit the iguana but do no damage.
The iguana is heavily wounded.
You block the iguana's attack.
You hit the iguana.
The iguana is almost dead.
A gnoll comes into view. It is wielding a +0 spear.
The gnoll sergeant completely misses you.
The iguana bites you!
The gnoll shouts!
You hit the iguana but do no damage.
The iguana is almost dead.
A gnoll comes into view. It is wielding a +0 whip.
The gnoll sergeant hits you from afar with a +0 trident of venom!
* * * LOW HITPOINT WARNING * * *
You are poisoned.
The iguana bites you!
* * * LOW HITPOINT WARNING * * *
You closely miss the iguana.
The iguana is almost dead.
* * * LOW HITPOINT WARNING * * *
You feel very sick.
The gnoll shouts!
The gnoll sergeant hits you from afar with a +0 trident of venom.
* * * LOW HITPOINT WARNING * * *
You are more poisoned.
You block the iguana's attack.
The gnoll sergeant hits you from afar with a +0 trident of venom!
* * * LOW HITPOINT WARNING * * *
You are more poisoned.
The iguana bites you!
You die...

#.# #.# #. #.#
#)# #. ##.#
#)######. #..#
###.##.....
#.##
#......###. #.#
#.###.#.# #.
#.# .. #.#.# #.
#.# #. , ,#.#.#
#. #@# # .##.#
## #l# *,. ..#
< ##g## ## #.#
* #gg.#* * ..#
#...........# *
,
#.####..g......
* ##.#......
#......##
###...##


You could see a gnoll sergeant, an iguana and 3 gnolls.

Vanquished Creatures
  An iguana (D:5)
  Terence (D:3)
  3 gnolls (D:5)
  4 adders
  A worm (D:2)
  4 dart slugs
  An orc (D:3)
  7 ball pythons
  3 endoplasms
  A giant cockroach (D:3)
  2 goblins
  7 hobgoblins
  3 jackals (D:1)
  4 bats
  A kobold (D:2)
  3 rats (D:1)
46 creatures vanquished.

Notes
Turn   | Place    | Note
-------+----------+-------------------------------------------
     0 | D:1      | lunkers the Meteoran Wanderer began the quest for the Orb.
     0 | D:1      | lunkers set off with the following items: a +0 dagger, a
                  | potion of curing, a scroll of fear, a +0 robe, a +2
                  | buckler; and the following spell memorised: Freeze; and the
                  | following spells available to memorise: Ozocubu's Armour.
     0 | D:1      | Reached XP level 1. HP: 16/16 MP: 3/3
    60 | D:1      | Reached XP level 2. HP: 23/23 MP: 1/5
   285 | D:1      | Reached XP level 3. HP: 28/28 MP: 4/6
   312 | D:1      | Reached skill level 1 in Axes
   553 | D:2      | Reached XP level 4. HP: 35/35 MP: 5/7
   675 | D:3      | Noticed Terence
   683 | D:3      | Killed Terence
   684 | D:3      | Reached XP level 5. HP: 37/40 MP: 1/8
   712 | D:3      | Found a runed translucent gate.
   712 | D:3      | Found a runed translucent gate.
   712 | D:3      | Found a runed translucent gate.
   712 | D:3      | Noticed rinse's ghost (weakling OpTm)
   739 | D:3      | You fall into a shaft and drop 2 floors!
   739 | D:5      | Entered Level 5 of the Dungeon
   811 | D:5      | Reached skill level 5 in Axes
   811 | D:5      | Reached XP level 6. HP: 33/47 MP: 2/9
   829 | D:5      | HP: 1/47 [gnoll sergeant/+0 trident of venom (8)]
   829 | D:5      | Mangled by an iguana

Illustrated notes

Levels and vault maps discovered:
D:1:      dpeg_arrival_pond, layout_basic, dreamdust_mushroom_princess,
          st_stairs_12, serial_park_tiny_1
D:2:      layout_basic, st_stairs_7, kennysheep_jessica_study
D:3:      layout_rooms, ebering_ghost_rock_garden, serial_undead,
          serial_undead_f, serial_undead_f, serial_undead_e, serial_undead_e,
          uniq_jessica, uniq_terence
D:5:      layout_loops_ring, old_standard_altar, nicolae_specific_store,
          grunt_ministairs_5, kennysheep_generic_room_10

Skill      XL: |  1  2  3  4  5 |
---------------+----------------+-----
Ice Magic      | 4 |  4.4
Axes           | 2 3 5 |  5.2
Fighting       | |  1.1
Shields        | |  6.0
Spellcasting   | |  1.3

Action                     |  1- 3 |  4- 6 || total
---------------------------+-------+-------++-------
  Melee: Dagger            |     8 |       ||     8
         Hand axe          |     8 |    22 ||    30
   Cast: Freeze            |    40 |    37 ||    77
 Armour: Robe              |     7 |     1 ||     8
  Dodge: Dodged            |    21 |    16 ||    37
  Block: Buckler           |    14 |    17 ||    31

Table legend: (Time is in decaauts)
 A = Elapsed time spent in this place.
 B = Non-inter-level travel time spent in this place.
 C = Inter-level travel time spent in this place.
 D = Time resting spent in this place.
 E = Time spent auto-exploring this place.
 F = Levels seen in this place.
 G = Mean time per level.
                   A        B        C        D        E       F      G
               +--------+--------+--------+--------+--------+-----+--------+
         Total |    833 |    833 |      0 |      5 |    445 |   4 |  208.2 |
       Dungeon |    833 |    833 |      0 |      5 |    445 |   4 |  208.2 |
               +--------+--------+--------+--------+--------+-----+--------+

Top non-repeatable levels by time:
     D:1: 371 daAuts
     D:2: 302 daAuts
     D:5: 91 daAuts
     D:3: 68 daAuts
